 Dungeon Sprint DCSS version 0.26-a0-61-g6c07f0ee8d (webtiles) character file.

Game seed: 10221180953071431579

436 Apogee the Cleaver (level 6, -4/100 HPs)
             Began as a Minotaur Berserker on June 10, 2020.
             Was a Believer of Trog.
             Slain by Sonja
             ... wielding a +0 short sword of distortion
              (5 damage)
             ... in the Dungeon (Sprint I: "Red Sonja").
             The game lasted 00:01:46 (766 turns).

Apogee the Cleaver (Minotaur Berserker)              Turns: 766, Time: 00:01:47

Health: -4/100     AC:  3    Str: 23    XL:     6   Next: 69%
Magic:  5/5        EV: 13    Int:  4    God:    Trog [**....]
Gold:   313        SH:  0    Dex: 10    Spells: 5/5 levels left

rFire    . . .     SeeInvis .   a - +0 hand axe
rCold    . . .     Gourm    .   (no shield)
rNeg     . . .     Faith    .   j - +0 leather armour
rPois    .         Spirit   .   (helmet restricted)
rElec    .         Reflect  .   (no cloak)
rCorr    .         Harm     .   (no gloves)
MR       ++...     NoTele   +   (no boots)
Stlth    ..........             (no amulet)
HPRegen  1.26/turn              (no ring)
MPRegen  0.09/turn              (no ring)

@: berserking (expiring), lethally poisoned (-4 -> -5), regenerating (expiring),
slowed
A: retaliatory headbutt, horns 2
a: Berserk, Trog's Hand, Renounce Religion


You were in the Dungeon.
You worshipped Trog.
Trog was pleased with you.
You were near starving.

You visited 1 branch You collected 313 gold pieces.

Inventory:

Hand Weapons
 a - a +0 hand axe (weapon)
Armour
 b - a +0 animal skin
 j - a +0 leather armour (worn)
Scrolls
 i - a scroll of blinking {!r}
Potions
 d - a potion of curing
 e - a potion of heal wounds
 f - 2 potions of stabbing {unknown}
 g - 2 potions of magic
 h - a potion of berserk rage {!q}
Comestibles
 c - a ration


   Skills:
 + Level 10.3 Fighting
 * Level 13.3 Axes
 - Level 4.1 Armour
 - Level 3.7 Dodging


You had 5 spell levels left.
You didn't know any spells.
Your spell library was empty.

Dungeon Overview and Level Annotations

Branches:
Dungeon (1/1)

Altars:
Cheibriados
Dithmenos
Elyvilon
Fedhas
Gozag
Hepliaklqana
Kikubaaqudgha
Nemelex Xobeh
Okawaru
Qazlal
Ru
Sif Muna
Trog
Uskayaw
Vehumet
Wu Jian
Yredelemnul
Zin
The Shining One

Shops:
D *

Annotations:
D Sonja


Innate Abilities, Weirdness & Mutations

You reflexively headbutt those who attack you in melee.
You have a pair of horns on your head.


Message History

Sonja twirls her cape.
Sonja casts a spell.
Sonja blinks!
You feel the effects of Trog's Hand fading.
You feel sick. Sonja barely misses you.
Sonja hits you with a +0 short sword of distortion.
Space warps horribly around you!! Sonja hits you but does no damage.
Space warps horribly around you!!
* * * LOW HITPOINT WARNING * * *
There is an open door here.
You see here a curare-tipped dart.
You slash Sonja! Your headbutt misses Sonja.
Sonja is moderately wounded.
You feel sick.
Sonja hits you with a +0 short sword of distortion.
* * * LOW HITPOINT WARNING * * *
Space warps horribly around you!
* * * LOW HITPOINT WARNING * * *
Sonja hits you with a +0 short sword of distortion.
You die...

#<.#..)..#..'..#
#..').#..').#..+
#..#####'#####'#
#..####..#...#.#
#..#__####..##.#
#..#_____##'#_.+
#⌠⌠#_.∩...'..._#
####_..__##K.#+#
#_____###@#
####### #.#
+$§$+ #$.$#
##.## #+#


You could see Sonja.

Vanquished Creatures
  A yak (D)
  Sigmund (D)
  An ogre (D)
  A jelly (D)
  Ijyb (D)
5 creatures vanquished.

Notes
Turn   | Place    | Note
-------+----------+-------------------------------------------
     0 | D        | Apogee the Minotaur Berserker began the quest for the Orb.
     0 | D        | Reached XP level 1. HP: 19/19 MP: 0/0
     1 | D        | Noticed Ijyb
    17 | D        | Killed Ijyb
    17 | D        | Reached skill level 5 in Fighting
    17 | D        | Reached skill level 5 in Axes
    17 | D        | Reached XP level 2. HP: 13/29 MP: 1/1
   225 | D        | Noticed an ogre
   228 | D        | Killed an ogre
   228 | D        | Reached skill level 8 in Axes
   228 | D        | Reached XP level 3. HP: 27/39 MP: 2/2
   228 | D        | Reached XP level 4. HP: 33/47 MP: 3/3
   240 | D        | Noticed Sigmund
   250 | D        | Killed Sigmund
   250 | D        | Reached ** piety under Trog
   250 | D        | Reached skill level 11 in Axes
   250 | D        | Reached XP level 5. HP: 19/57 MP: 4/4
   473 | D        | Found an ornate altar of the Wu Jian Council.
   473 | D        | Found a shimmering blue altar of Sif Muna.
   475 | D        | Found a radiant altar of Vehumet.
   478 | D        | Reached XP level 6. HP: 58/63 MP: 5/5
   486 | D        | Found Lepecoet's Assorted Antiques.
   486 | D        | Found an ancient bone altar of Kikubaaqudgha.
   486 | D        | Found a hazy altar of Hepliaklqana.
   486 | D        | Found a stormy altar of Qazlal.
   486 | D        | Found a hide-covered altar of Uskayaw.
   486 | D        | Found a blossoming altar of Fedhas.
   486 | D        | Found a bloodstained altar of Trog.
   486 | D        | Found an iron altar of Okawaru.
   486 | D        | Found a basalt altar of Yredelemnul.
   486 | D        | Found a glowing golden altar of the Shining One.
   486 | D        | Found a snail-covered altar of Cheibriados.
   486 | D        | Found a sacrificial altar of Ru.
   486 | D        | Found a glowing silver altar of Zin.
   486 | D        | Found a shadowy altar of Dithmenos.
   486 | D        | Found a white marble altar of Elyvilon.
   486 | D        | Noticed a yak
   493 | D        | Killed a yak
   493 | D        | Reached skill level 10 in Fighting
   493 | D        | Reached skill level 13 in Axes
   494 | D        | Found an opulent altar of Gozag.
   497 | D        | Found a sparkling altar of Nemelex Xobeh.
   760 | D        | Noticed Sonja
   766 | D        | HP: 1/100 [Sonja/+0 short sword of distortion (15)]
   766 | D        | Slain by Sonja

Illustrated notes

Levels and vault maps discovered:
D:        dungeon_sprint_1 [red_sonja_temple_1, red_sonja_temple_small_1]

Skill      XL: |  1  2  3  4  5  6 |
---------------+-------------------+-----
Fighting       | 5 7 9 10 | 10.3
Axes           | 5 8 11 13 | 13.3
Armour         | 4 |  4.1
Dodging        | 3 |  3.7

Action                   |  1- 3 |  4- 6 || total
-------------------------+-------+-------++-------
Melee: Hand axe          |    16 |    17 ||    33
       Headbutt          |       |     5 ||     5
Invok: Berserk           |     2 |     2 ||     4
       Trog's Hand       |       |     1 ||     1
  Use: Potion            |       |     1 ||     1
  Eat: Chunk             |       |     2 ||     2
Armor: Animal skin       |     2 |       ||     2
       Leather armour    |       |     4 ||     4
Dodge: Dodged            |     5 |    10 ||    15

Table legend:
 A = Non-vault XP
 B = Vault XP
 C = Vault XP percentage of total XP
 D = Non-vault monster count
 E = Vault monster count
 F = Vault count percentage of total count
                 A         B        C        D         E       F
            +---------+---------+-------+---------+---------+-------
      Total |       0 |     624 | 100.0 |       0 |       5 | 100.0
            +---------+---------+-------+---------+---------+-------
          D |       0 |     624 | 100.0 |       0 |       5 | 100.0
            +---------+---------+-------+---------+---------+-------
